[ AOE2 MATCH · #506167305 ]
UnrankedMalay vs Burmese
Player's team · WIN
Rival team · LOSS
[ REPLAY ANALYSIS · EXTRACTED FROM THE RECORDED GAME ]
Feudal
15:11
Castle
19:07
Imperial
—
| APM avg | 36.7 |
| APM peak | 54 |
| eAPM avg | 20.1 |
| Villagers / military | 83 / 14 |
Focus
⚔️ 32.5% · 🌾 67.5%
Monk ×4 · Militia ×3 · Battle Elephant ×3 · Mangonel ×2 · Scout Cavalry ×2
Feudal
9:22
Castle
24:16
Imperial
—
| APM avg | 57.0 |
| APM peak | 168 |
| eAPM avg | 20.0 |
| Villagers / military | 60 / 29 |
Focus
⚔️ 26.3% · 🌾 73.7%
Archer ×10 · Monk ×8 · Arambai ×5 · Militia ×4 · Mangonel ×2
Match map
Initial resources + every placement click. Lines = walls · curves = elevation contours. ◆ gold · ⬟ stone · ● berries · ✦ relic · ◌ wall gap
Your base· ✓ Closed at 19:07 · 47t walls · no gate
Bryan_Camane's base· Open — opponent sealed themselves in
Smoothed initial terrain · ◌ = detected wall gap · hover for details
Inputs per minute
— [o.p.]Müller-Thurgau - - Bryan_Camane
Build order — [o.p.]Müller-Thurgau
First 150 of 172 actions detected
| 0:00 | Queue | Villager (Male) |
| 0:01 | Queue | Villager (Male) |
| 0:01 | Queue | Villager (Male) |
| 0:01 | Queue | Villager (Male) |
| 0:02 | Build | House |
| 0:04 | Build | House |
| 1:25 | Queue | Villager (Male) |
| 1:55 | Queue | Villager (Male) |
| 2:01 | Build | Lumber Camp |
| 2:26 | Queue | Villager (Male) |
| 2:53 | Queue | Villager (Male) |
| 3:20 | Queue | Villager (Male) |
| 3:49 | Queue | Villager (Male) |
| 3:49 | Queue | Villager (Male) |
| 3:50 | Queue | Villager (Male) |
| 4:21 | Queue | Villager (Male) |
| 4:29 | Research | Loom |
| 4:31 | Build | House |
| 4:41 | Queue | Villager (Male) |
| 5:03 | Build | Barracks |
| 5:07 | Queue | Villager (Male) |
| 5:22 | Queue | Villager (Male) |
| 5:37 | Queue | Villager (Male) |
| 5:45 | Build | House |
| 5:56 | Queue | Militia |
| 5:56 | Queue | Militia |
| 6:16 | Build | Mill |
| 6:25 | Build | House |
| 6:27 | Queue | Villager (Male) |
| 6:44 | Queue | Militia |
| 6:45 | Queue | Villager (Male) |
| 6:50 | Queue | Villager (Male) |
| 6:50 | Queue | Villager (Male) |
| 7:26 | Queue | Villager (Male) |
| 7:41 | Queue | Villager (Male) |
| 8:05 | Queue | Villager (Male) |
| 8:15 | Build | House |
| 8:17 | Build | Palisade Wall |
| 8:18 | Build | Palisade Wall |
| 8:21 | Queue | Villager (Male) |
| 8:40 | Build | Palisade Wall |
| 8:46 | Build | Palisade Wall |
| 8:50 | Build | Palisade Wall |
| 8:54 | Queue | Villager (Male) |
| 8:58 | Build | Palisade Wall |
| 9:11 | Queue | Villager (Male) |
| 9:26 | Build | Farm |
| 9:26 | Queue | Villager (Male) |
| 9:39 | Build | House |
| 9:44 | Queue | Villager (Male) |
| 9:47 | Queue | Villager (Male) |
| 9:57 | Build | House |
| 9:59 | Build | Palisade Wall |
| 10:07 | Build | House |
| 10:32 | Build | House |
| 10:40 | Queue | Villager (Male) |
| 10:56 | Queue | Villager (Male) |
| 10:56 | Queue | Villager (Male) |
| 11:07 | Queue | Villager (Male) |
| 11:13 | Queue | Villager (Male) |
| 11:28 | Queue | Villager (Male) |
| 11:29 | Queue | Villager (Male) |
| 11:31 | Build | Farm |
| 11:43 | Queue | Villager (Male) |
| 11:44 | Queue | Villager (Male) |
| 11:50 | Queue | Villager (Male) |
| 11:52 | Build | Farm |
| 12:12 | Queue | Villager (Male) |
| 12:31 | Build | Palisade Wall |
| 12:55 | Build | Mining Camp |
| 13:30 | Build | Farm |
| 13:31 | Build | Farm |
| 13:33 | Build | Farm |
| 13:49 | Research | Feudal Age |
| 14:09 | Build | Lumber Camp |
| 14:12 | Build | Farm |
| 14:18 | Build | House |
| 14:28 | Build | House |
| 15:11 | Age | Feudal Age |
| 15:13 | Build | Watch Tower |
| 15:18 | Queue | Villager (Male) |
| 15:18 | Queue | Villager (Male) |
| 15:24 | Build | Blacksmith |
| 15:35 | Queue | Villager (Male) |
| 15:35 | Queue | Villager (Male) |
| 15:58 | Research | Fletching |
| 16:27 | Build | Market |
| 16:55 | Build | House |
| 17:31 | Research | Castle Age |
| 19:07 | Age | Castle Age |
| 19:15 | Build | Siege Workshop |
| 19:30 | Build | Mining Camp |
| 19:49 | Queue | Villager (Male) |
| 19:51 | Queue | Villager (Male) |
| 19:57 | Queue | Mangonel |
| 20:14 | Queue | Villager (Male) |
| 20:38 | Queue | Mangonel |
| 20:40 | Queue | Villager (Male) |
| 20:40 | Queue | Villager (Male) |
| 21:06 | Build | Farm |
| 21:29 | Queue | Villager (Male) |
| 21:32 | Build | Lumber Camp |
| 21:47 | Queue | Villager (Male) |
| 21:47 | Queue | Villager (Male) |
| 22:01 | Build | Stable |
| 23:11 | Queue | Villager (Male) |
| 23:12 | Queue | Villager (Male) |
| 23:30 | Build | Stable |
| 23:32 | Queue | Villager (Male) |
| 23:39 | Build | Farm |
| 23:44 | Research | Double-Bit Axe |
| 23:44 | Research | Horse Collar |
| 23:48 | Queue | Villager (Male) |
| 24:10 | Queue | Battle Elephant |
| 24:10 | Queue | Battle Elephant |
| 24:15 | Build | Farm |
| 24:18 | Build | Farm |
| 24:21 | Build | Monastery |
| 24:31 | Queue | Battle Elephant |
| 24:36 | Build | Farm |
| 24:50 | Build | Farm |
| 25:04 | Queue | Monk |
| 25:05 | Queue | Villager (Male) |
| 25:05 | Queue | Villager (Male) |
| 25:12 | Build | Farm |
| 25:21 | Build | Farm |
| 25:24 | Queue | Monk |
| 25:26 | Queue | Villager (Male) |
| 25:26 | Queue | Villager (Male) |
| 25:29 | Build | Farm |
| 25:31 | Build | Farm |
| 25:33 | Build | House |
| 25:33 | Build | House |
| 25:40 | Research | Wheelbarrow |
| 25:54 | Queue | Villager (Male) |
| 25:54 | Queue | Villager (Male) |
| 26:04 | Queue | Villager (Male) |
| 26:18 | Build | Monastery |
| 26:33 | Build | House |
| 26:35 | Queue | Monk |
| 26:36 | Queue | Villager (Male) |
| 26:37 | Queue | Villager (Male) |
| 26:56 | Build | Stone Wall |
| 27:08 | Queue | Villager (Male) |
| 27:08 | Queue | Villager (Male) |
| 27:13 | Build | Town Center |
| 27:17 | Queue | Monk |
| 27:22 | Build | House |
| 27:23 | Build | House |
| 27:24 | Build | House |
Build order — Bryan_Camane
First 150 of 164 actions detected
| 0:00 | Queue | Villager (Male) |
| 0:01 | Queue | Villager (Male) |
| 0:02 | Build | House |
| 0:03 | Build | House |
| 0:18 | Queue | Villager (Male) |
| 0:18 | Queue | Villager (Male) |
| 1:28 | Queue | Villager (Male) |
| 1:28 | Queue | Villager (Male) |
| 1:45 | Build | Lumber Camp |
| 2:02 | Queue | Villager (Male) |
| 2:28 | Queue | Villager (Male) |
| 2:53 | Queue | Villager (Male) |
| 3:03 | Queue | Villager (Male) |
| 3:46 | Queue | Villager (Male) |
| 3:47 | Queue | Villager (Male) |
| 3:49 | Build | House |
| 3:51 | Build | House |
| 4:04 | Build | Palisade Wall |
| 4:35 | Queue | Villager (Male) |
| 4:35 | Queue | Villager (Male) |
| 5:14 | Queue | Villager (Male) |
| 5:36 | Build | Barracks |
| 5:39 | Queue | Villager (Male) |
| 5:39 | Queue | Villager (Male) |
| 6:07 | Research | Loom |
| 6:55 | Build | Mining Camp |
| 7:12 | Research | Feudal Age |
| 7:35 | Queue | Militia |
| 7:59 | Queue | Militia |
| 7:59 | Queue | Militia |
| 8:14 | Queue | Militia |
| 8:26 | Build | Palisade Wall |
| 8:31 | Build | Palisade Wall |
| 8:51 | Build | House |
| 8:53 | Build | Palisade Wall |
| 8:55 | Build | Palisade Wall |
| 9:00 | Queue | Villager (Male) |
| 9:22 | Age | Feudal Age |
| 9:26 | Research | Man-at-Arms (upgrade) |
| 9:27 | Queue | Villager (Male) |
| 9:28 | Queue | Villager (Male) |
| 9:42 | Build | Archery Range |
| 10:05 | Queue | Villager (Male) |
| 10:37 | Queue | Villager (Male) |
| 10:37 | Queue | Archer |
| 11:08 | Queue | Villager (Male) |
| 11:09 | Queue | Archer |
| 11:28 | Queue | Villager (Male) |
| 11:31 | Queue | Archer |
| 11:37 | Build | Outpost |
| 11:45 | Build | Mill |
| 11:50 | Queue | Archer |
| 12:05 | Queue | Villager (Male) |
| 12:14 | Build | Mining Camp |
| 12:20 | Build | House |
| 12:27 | Queue | Archer |
| 12:52 | Build | House |
| 13:02 | Build | Watch Tower |
| 13:04 | Queue | Villager (Male) |
| 13:05 | Queue | Villager (Male) |
| 13:10 | Queue | Villager (Male) |
| 13:16 | Build | Farm |
| 13:17 | Build | Farm |
| 13:18 | Build | Farm |
| 13:32 | Queue | Villager (Male) |
| 13:36 | Queue | Archer |
| 13:43 | Build | Farm |
| 13:43 | Queue | Villager (Male) |
| 14:07 | Queue | Archer |
| 14:33 | Build | House |
| 14:58 | Queue | Villager (Male) |
| 15:03 | Queue | Archer |
| 15:08 | Build | Blacksmith |
| 15:20 | Build | Watch Tower |
| 15:21 | Queue | Villager (Male) |
| 15:27 | Queue | Villager (Male) |
| 15:32 | Queue | Villager (Male) |
| 15:37 | Build | Farm |
| 15:38 | Build | Farm |
| 16:03 | Queue | Villager (Male) |
| 16:28 | Build | Farm |
| 16:30 | Build | Farm |
| 16:31 | Research | Fletching |
| 16:32 | Research | Fletching |
| 16:43 | Build | Watch Tower |
| 16:46 | Queue | Villager (Male) |
| 16:50 | Build | House |
| 17:17 | Queue | Villager (Male) |
| 17:37 | Queue | Villager (Male) |
| 18:05 | Build | Watch Tower |
| 18:07 | Queue | Villager (Male) |
| 18:11 | Queue | Villager (Male) |
| 18:13 | Build | Farm |
| 18:13 | Build | Farm |
| 18:14 | Build | Farm |
| 18:14 | Build | Farm |
| 18:14 | Build | Farm |
| 18:37 | Queue | Archer |
| 18:38 | Queue | Archer |
| 19:02 | Queue | Villager (Male) |
| 19:06 | Build | Farm |
| 19:21 | Queue | Villager (Male) |
| 19:23 | Build | House |
| 20:23 | Build | Market |
| 20:27 | Build | Farm |
| 20:27 | Build | Farm |
| 20:27 | Build | Farm |
| 20:28 | Build | Farm |
| 21:03 | Queue | Villager (Male) |
| 21:36 | Research | Castle Age |
| 21:36 | Research | Castle Age |
| 22:15 | Build | Farm |
| 22:16 | Research | Scale Mail Armor |
| 22:16 | Research | Forging |
| 22:17 | Build | Farm |
| 23:12 | Build | Farm |
| 23:13 | Build | Farm |
| 23:16 | Research | Gold Mining |
| 24:16 | Age | Castle Age |
| 24:18 | Queue | Villager (Male) |
| 24:20 | Research | Chain Mail Armor |
| 24:29 | Build | Castle |
| 24:34 | Build | Siege Workshop |
| 24:35 | Build | Siege Workshop |
| 24:41 | Build | Siege Workshop |
| 24:43 | Queue | Villager (Male) |
| 24:44 | Queue | Villager (Male) |
| 24:48 | Build | Monastery |
| 24:53 | Queue | Villager (Male) |
| 25:09 | Build | Monastery |
| 25:17 | Queue | Villager (Male) |
| 25:33 | Queue | Monk |
| 25:36 | Queue | Villager (Male) |
| 25:37 | Build | Farm |
| 25:38 | Build | Farm |
| 26:06 | Build | Mining Camp |
| 26:09 | Queue | Villager (Male) |
| 26:14 | Queue | Arambai |
| 26:31 | Queue | Monk |
| 26:35 | Queue | Monk |
| 26:51 | Build | Lumber Camp |
| 26:57 | Queue | Mangonel |
| 27:04 | Research | Fervor |
| 27:20 | Queue | Villager (Male) |
| 27:21 | Queue | Villager (Male) |
| 27:24 | Queue | Arambai |
| 27:43 | Queue | Villager (Male) |
| 27:45 | Queue | Monk |
| 28:05 | Queue | Arambai |
| 28:07 | Queue | Villager (Male) |
Match timeline
| 4:04 | Bryan_Camane · wall_segment Palisade Wall x1 |
| 5:03 | [o.p.]Müller-Thurgau · first_building Barracks |
| 5:36 | Bryan_Camane · first_building Barracks |
| 8:17 | [o.p.]Müller-Thurgau · wall_segment Palisade Wall x13 |
| 8:18 | [o.p.]Müller-Thurgau · wall_segment Palisade Wall x7 |
| 8:26 | Bryan_Camane · wall_segment Palisade Wall x1 |
| 8:31 | Bryan_Camane · wall_segment Palisade Wall x1 |
| 8:40 | [o.p.]Müller-Thurgau · wall_segment Palisade Wall x4 |
| 8:46 | [o.p.]Müller-Thurgau · wall_segment Palisade Wall x3 |
| 8:50 | [o.p.]Müller-Thurgau · wall_segment Palisade Wall x16 |
| 8:53 | Bryan_Camane · wall_segment Palisade Wall x1 |
| 8:55 | Bryan_Camane · wall_segment Palisade Wall x3 |
| 8:58 | [o.p.]Müller-Thurgau · wall_segment Palisade Wall x4 |
| 9:22 | Bryan_Camane · age_up feudal |
| 9:42 | Bryan_Camane · first_building Archery Range |
| 9:59 | [o.p.]Müller-Thurgau · wall_segment Palisade Wall x1 |
| 12:31 | [o.p.]Müller-Thurgau · wall_segment Palisade Wall x1 |
| 15:11 | [o.p.]Müller-Thurgau · age_up feudal |
| 17:25 | [o.p.]Müller-Thurgau · first_market_buy 100 food |
| 17:30 | [o.p.]Müller-Thurgau · first_market_sell 100 wood |
| 19:07 | [o.p.]Müller-Thurgau · age_up castle |
| 19:15 | [o.p.]Müller-Thurgau · first_building Siege Workshop |
| 22:01 | [o.p.]Müller-Thurgau · first_building Stable |
| 24:16 | Bryan_Camane · age_up castle |
| 24:21 | [o.p.]Müller-Thurgau · first_building Monastery |
| 24:29 | Bryan_Camane · first_building Castle |
| 24:34 | Bryan_Camane · first_building Siege Workshop |
| 24:48 | Bryan_Camane · first_building Monastery |
| 26:55 | Bryan_Camane · first_market_sell 100 food |
| 26:56 | Bryan_Camane · first_market_buy 100 wood |
| 26:56 | [o.p.]Müller-Thurgau · wall_segment Stone Wall x11 |
| 30:41 | Bryan_Camane · resign |
[ AI ANALYSIS · 1 CREDIT ]
What really happened in this match?
Wolo.gg analyzes every decision: build order, eco, micro, common mistakes by bracket. Personalized analysis on WhatsApp or Discord in 30 seconds.
Civ guide
Malay
Perfil
[o.p.]Müller-Thurgau